 Dungeon Crawl Stone Soup version 0.29.1-2-gbd0b4ee654 (webtiles) character file.

Game seed: 6455459396230644023

111 hawla the Chiller (level 5, -5/57 HPs)
             Began as a Meteoran Ice Elementalist on Oct 26, 2022.
             Slain by a kobold brigand
             ... wielding a +0 short sword
              (6 damage)
             ... in a sewer.
             The game lasted 00:09:06 (1464 turns).

hawla the Chiller (Meteoran Ice Elementalist)       Turns: 1464, Time: 00:09:07

Health: -5/57      AC:  2    Str:  9    XL:     5   Next: 39%
Magic:  1/10       EV: 12    Int: 19    God:
Gold:   77         SH:  0    Dex: 14    Spells: 2/10 levels left

rFire   . . .      SeeInvis .   d - staff of conjuration
rCold   . . .      Faith    .   (no shield)
rNeg    . . .      Spirit   .   a - +0 robe
rPois   .          Reflect  .   (no helmet)
rElec   .          Harm     .   (no cloak)
rCorr   .          Rampage  .   (no gloves)
Will    .....                   (no boots)
Stlth   ..........              (no amulet)
HPRegen 0.19/turn               (no ring)
MPRegen 0.12/turn               (no ring)

@: berserking, lethally poisoned (-5 -> -18), slowed, glowing
A: sense surroundings 1, otherworldly, glowing, explore regen
a: no special abilities


You were in a sewer.
You visited 1 branch of the dungeon, and saw 3 of its levels.
You also visited: Sewer.

You collected 77 gold pieces.

Inventory:

Armour
 a - a +0 robe (worn)
Magical Staves
 d - a staff of conjuration (weapon)
Jewellery
 f - a ring of fire
 m - a ring of flight
Scrolls
 c - a scroll of amnesia
 j - a scroll of identify
Potions
 i - a potion of degeneration
 l - a potion of flight
 n - a potion of cancellation


   Skills:
 - Level 2.5 Dodging
 - Level 1.5 Stealth
 - Level 3.0 Spellcasting
 + Level 2.0 Conjurations
 + Level 5.6 Ice Magic
 - Level 2.0 Evocations


You had 2 spell levels left.
You knew the following spells:

 Your Spells              Type           Power      Damage    Failure   Level
a - Freeze                Ice            96%        1d11      1%          1
b - Frozen Ramparts       Ice            48%        1d8       4%          3
c - Hailstorm             Conj/Ice       26%        3d7       30%         4

Your spell library contained the following spells:

 Spells                   Type           Power      Damage    Failure   Level
 Apportation              Tloc           4%         N/A       16%         1
 Necrotise                Necr           8%         1d4       16%         1
 Summon Small Mammal      Summ           8%         N/A       16%         1
 Ozocubu's Armour         Ice            24%        N/A       4%          3
 Passage of Golubria      Tloc           2%         N/A       83%         4
 Silence                  Hex/Air        1%         N/A       99%         5
 Lehudib's Crystal Spear  Conj/Erth      5%         10d3      100%        8


Dungeon Overview and Level Annotations

Branches:
Dungeon (3/15) Zot: 580     Sewer (1/1) Zot: 334

Altars:

Shops:
D:1 [[


Innate Abilities, Weirdness & Mutations

You passively map a small area around you.
You are easily found by Zot.
You glow in the dark.
You regain HP and MP as you explore.


Message History

You kill the kobold!
The hail pelts the kobold!
You kill the kobold!
The hail pelts the kobold!
You kill the kobold!
You hear a shout!
The kobold brigand throws a curare-tipped dart.
The curare-tipped dart hits you.
You are poisoned.
You have difficulty breathing.
You feel yourself slow down.
Unknown command.
A red film seems to cover your vision as you go berserk!
You feel yourself moving faster!
You feel mighty!
You feel very sick.
You hit the kobold.
The kobold is moderately wounded.
You feel very sick. The kobold closely misses you.
You closely miss the kobold.
The kobold is moderately wounded.
You feel sick. The kobold barely misses you.
You hit the kobold brigand.
The kobold brigand is lightly wounded.
You feel sick. The kobold brigand misses you.
You barely miss the kobold brigand.
The kobold brigand is lightly wounded.
You feel sick.
You hit the kobold brigand!
The kobold brigand is heavily wounded.
You feel sick.
The kobold brigand hits you with a +0 short sword!
* * * LOW HITPOINT WARNING * * *
You hit the kobold brigand.
The kobold brigand is severely wounded.
You feel sick.
The kobold hits you with a +2 dagger of venom.
* * * LOW HITPOINT WARNING * * *
You are more poisoned.
The kobold brigand hits you with a +0 short sword.
You die...

#...##≈≈≈≈≈~....#
#..##≈≈≈≈≈~~....#
##..##~≈≈≈≈~.~....
#....#~≈≈≈≈~~.....
##.....~≈≈≈≈≈≈~....
#.†..~~~≈≈≈≈≈≈....#
#....~≈~≈≈≈≈≈≈~...#
#....≈≈≈≈≈≈≈≈~~...#
#.@K.~≈≈≈≈≈≈≈≈...##
##K###≈≈≈≈≈≈###'###
* )))
*≈≈≈≈≈≈#.))).#
.)... ≈≈≈≈~#.....#
##...## ~≈≈~
##...## ..... ~
#.....# !!#!. ~ ~
#..#..# * ### ###
~~####### * ~ ~ ~ ~
≈≈≈≈≈≈≈


You could see a kobold brigand and a kobold.

Vanquished Creatures
  4 adders
  A river rat (Sewer)
  A worm (D:2)
  5 endoplasms
  3 giant cockroaches
  7 goblins
  3 hobgoblins
  2 quokkas (D:1)
  10 ball pythons
  3 bats
  2 frilled lizards (D:1)
  11 kobolds
  16 rats
68 creatures vanquished.

Notes
Turn   | Place    | Note
-------+----------+-------------------------------------------
     0 | D:1      | hawla the Meteoran Ice Elementalist began the quest for the
                  | Orb.
     0 | D:1      | Reached XP level 1. HP: 14/14 MP: 5/5
    48 | D:1      | Reached XP level 2. HP: 20/20 MP: 3/6
    75 | D:1      | Found Xoanear's Antique Armour Shoppe.
    78 | D:1      | Found Opa Cyc's Armour Shoppe.
   143 | D:1      | Found a faded altar of an unknown god.
   287 | D:1      | Reached XP level 3. HP: 24/26 MP: 3/8
   301 | D:1      | Reached skill level 5 in Ice Magic
   500 | D:1      | Glimpsed the power of Zot.
   578 | D:2      | Reached skill level 1 in Conjurations
   578 | D:2      | Reached skill level 1 in Evocations
   608 | D:2      | Learned a level 3 spell: Frozen Ramparts
   801 | D:2      | Reached XP level 4. HP: 29/33 MP: 5/9
  1095 | D:2      | Glimpsed the power of Zot.
  1197 | D:3      | Found a glowing drain.
  1210 | D:3      | Learned a level 4 spell: Hailstorm
  1211 | Sewer    | Entered a sewer
  1296 | Sewer    | Reached XP level 5. HP: 18/38 MP: 6/10
  1456 | Sewer    | Noticed a kobold brigand
  1464 | Sewer    | HP: 1/57 [kobold/+2 dagger of venom (3)]
  1464 | Sewer    | Slain by a kobold brigand

Illustrated notes

Levels and vault maps discovered:
D:1:      nicolae_arrival_somewhat_less_tricky_arrival, layout_loops_ring,
          serial_shops, nicolae_shop_temple_entry_statues_fountains,
          nicolae_shop_trees, shop, shop_statue, shop,
          shapermc_ecumenical_altar_totnotflames
D:2:      layout_basic, minmay_door_square, minmay_heptomino_d4
D:3:      layout_loops_ring, mainiacjoe_overflow_small_starburst,
          portal_sewer_entry_d, chequers_serial_rivers_small_3, minmay_pentangle
Sewer:    sewer_minmay_treatment

Skill      XL: |  1  2  3  4 |
---------------+-------------+-----
Spellcasting   | 3 |  3.0
Ice Magic      | 5 |  5.6
Conjurations   | 1 2 |  2.0
Evocations     | 1 2 |  2.0
Dodging        | |  2.5
Stealth        | |  1.5

Action                   |  1- 3 |  4- 6 || total
-------------------------+-------+-------++-------
Melee: Unarmed           |     1 |       ||     1
       Staff             |     8 |    50 ||    58
 Cast: Freeze            |    34 |     7 ||    41
       Frozen Ramparts   |     5 |    11 ||    16
       Hailstorm         |       |     3 ||     3
  Use: Scroll            |     3 |     7 ||    10
       Potion            |       |     4 ||     4
Armor: Robe              |     2 |    14 ||    16
       Skin              |       |    11 ||    11
Dodge: Dodged            |    17 |    39 ||    56
